 Dungeon Crawl Stone Soup version 0.28-a0-384-g9e0c098162 (webtiles) character file.

Game seed: 14880068397132005616

7683 pmoppi the Fighter (level 11, 0/186 HPs)
             Began as an Ogre Cinder Acolyte on Sept 2, 2021.
             Was an Elder of Ignis.
             Slain by a killer bee (2 damage)
             ... on level 9 of the Dungeon.
             The game lasted 00:27:13 (14243 turns).

pmoppi the Fighter (Ogre Cinder Acolyte)           Turns: 14243, Time: 00:27:14

Health: 0/186      AC: 25    Str: 20    XL:     11   Next: 19%
Magic:  19/19      EV:  1    Int: 24    God:    Ignis [****..]
Gold:   427        SH:  0    Dex:  4    Spells: 2/21 levels left

rFire   + + .      SeeInvis .   b - +0 war axe
rCold   . . .      Faith    .   (no shield)
rNeg    + + +      Spirit   .   (armour currently unavailable)
rPois   +          Reflect  .   (helmet currently unavailable)
rElec   .          Harm     .   (cloak currently unavailable)
rCorr   .          Rampage  .   (gloves unavailable)
Will    +....      NoTele   +   (boots unavailable)
Stlth   +.........              p - amulet of magic regeneration
HPRegen 0.41/turn               f - ring of protection from fire
MPRegen 0.41/turn               h - +6 ring of intelligence

@: lethally poisoned (0 -> -12), tree-form, marked, studying Evocations
A: stationary, stasis, torment immunity, boosted hp, large, unfitting armour,
(tough skin 1)
a: Renounce Religion, Sea of Fire, Foxfire Swarm, Rising Flame


You were on level 9 of the Dungeon.
You worshipped Ignis.
Ignis was greatly pleased with you.
You were a tree.
You visited 2 branches of the dungeon, and saw 10 of its levels.

You collected 427 gold pieces.

Inventory:

Hand Weapons
 a - a +0 hand axe of flaming
 b - a +0 war axe (weapon)
Armour
 e - a scarf of shadows
 g - a scarf of repulsion (melded)
 s - a +0 robe (melded)
Jewellery
 f - a ring of protection from fire (left branch)
 h - a +6 ring of intelligence (right branch)
 n - a ring of fire
 p - an amulet of magic regeneration (around neck)
 A - an amulet of reflection
Wands
 q - a wand of flame (62)
 v - a wand of iceblast (8)
Scrolls
 d - 2 scrolls of fear
 i - a scroll of summoning {unknown}
 x - 2 scrolls of magic mapping
 y - 2 scrolls of vulnerability
 z - 3 scrolls of enchant weapon
Potions
 c - a potion of berserk rage
 j - 2 potions of resistance
 k - a potion of flight {unknown}
 l - 2 potions of curing {unknown}
 o - 2 potions of brilliance
 r - 3 potions of might {unknown}
 t - 3 potions of mutation
 u - a potion of ambrosia {unknown}
 w - 2 potions of cancellation {unknown}
 B - 2 potions of haste {unknown}


   Skills:
 + Level 12.3 Fighting
 * Level 11.0 Axes
 - Level 5.9 Armour
 - Level 5.6 Spellcasting
 - Level 3.7 Summonings
 - Level 5.4 Necromancy
 - Level 3.0 Fire Magic
 + Level 4.3 Evocations


You had 2 spell levels left.
You knew the following spells:

 Your Spells              Type           Power      Damage    Failure   Level
a - Scorch                Fire           42%        2d7       3%          2
b - Agony                 Necr           33%        N/A       24%         5
c - Excruciating Wounds   Necr           16%        N/A       24%         5
d - Haunt                 Necr/Summ      14%        N/A       100%        7

Your spell library contained the following spells:

 Spells                   Type           Power      Damage    Failure   Level
 Summon Small Mammal      Summ           96%        N/A       1%          1
 Corona                   Hex            6%         N/A       9%          1
 Ensorcelled Hibernation  Hex/Ice        12%        N/A       13%         2
 Call Canine Familiar     Summ           24%        N/A       5%          3
 Summon Guardian Golem    Hex/Summ       15%        N/A       12%         3
 Dazzling Flash           Conj/Hex       12%        N/A       26%         3
 Portal Projectile        Hex/Tloc       12%        N/A       26%         3
 Tukima's Dance           Hex            6%         N/A       26%         3
 Blade Hands              Tmut           3%         N/A       93%         5
 Silence                  Hex/Air        3%         N/A       93%         5
 Summon Cactus Giant      Summ           12%        N/A       95%         6


Dungeon Overview and Level Annotations

Branches:
Dungeon (9/15)             Temple (1/1) D:6
   Lair: D:8-11         Orc: D:9-12

Altars:
Dithmenos
Elyvilon
Fedhas
Kikubaaqudgha
Nemelex Xobeh
Xom

Annotations:
D:5 exclusion: downstairs
D:6 1 runed translucent door, 2 transporters, gorlok231's ghost, amateur GnIE


Innate Abilities, Weirdness & Mutations

You are a tree.
Your roots penetrate the ground, keeping you stationary.
You cannot be teleported.
You are immune to unholy pain and torment.
Your maximum health is greatly increased.
Your equipment is partially melded.
You are too large for most types of armour.
((You have tough skin. (AC +1)))


Message History

* * * LOW HITPOINT WARNING * * *
The killer bee closely misses you. x2
You miss the killer bee.
The killer bee is heavily wounded.
You miss the killer bee. The killer bee closely misses you.
The killer bee stings you.
* * * LOW HITPOINT WARNING * * *
You are poisoned.
The killer bee poisons you! The killer bee stings you.
* * * LOW HITPOINT WARNING * * *
You are more poisoned.
The killer bee poisons you! The killer bee closely misses you.
You feel very sick. The killer bee stings you.
* * * LOW HITPOINT WARNING * * *
The killer bee stings you.
* * * LOW HITPOINT WARNING * * *
Really quaff the potion of lignification?
You turn into a tree.
Your scarf of repulsion melds into your body.
Your +0 robe melds into your body.
The haze of the repulsion field disappears.
Your roots penetrate the ground.
You feel very sick. The killer bee stings you.
* * * LOW HITPOINT WARNING * * *
The killer bee stings you but does no damage. x2
The killer bee stings you.
* * * LOW HITPOINT WARNING * * *
You are more poisoned.
The killer bee poisons you!
You closely miss the killer bee.
The killer bee is heavily wounded.
You miss the killer bee.
* * * LOW HITPOINT WARNING * * *
You feel very sick. The killer bee stings you.
* * * LOW HITPOINT WARNING * * *
The killer bee stings you.
You die...

#.......# #.# #.......# #.#
######.......####.###
#...................#
###.###############.#
#.#..............##
#.#.#.......†.####
#.#.#.......yy# #p.# #..#
#.#.#........♣# ...# #^..
#.#.#.........# ...###...
#.#.#.........#####
..^...p^
#.#.#........)')..# .....^
#.#.#.........########^.^#
#.#.#.........<....#.##'###
#.#.#........)...#.#'#^.^.#
#.#.###......#.###......#.#
#.#.##########..........'.#


You could see 2 killer bees.

Vanquished Creatures
  2 vault sentinels
  A komodo dragon (D:7)
  A troll (D:7)
  A slime creature (D:7)
  A hornet (D:7)
  A wyvern (D:8)
  3 ice beasts
  An orc warrior (D:7)
  4 ogres
  A phantom (D:7)
  4 centaurs
  2 kobold brigands
  3 bullfrogs
  2 scorpions (D:5)
  2 wyvern skeletons
  A killer bee (D:9)
  An electric eel (D:6)
  A centaur zombie (D:8)
  A gnoll shaman (D:6)
  4 hounds
  2 jellies (D:7)
  2 orc priests
  2 centaur skeletons
  7 iguanas
  Terence (D:2)
  A bullfrog skeleton (D:4)
  Natasha (thrice) (D:2 D:1)
  4 orc wizards
  A killer bee zombie (D:6)
  2 hound skeletons
  5 gnolls
  6 adders
  3 white imps (D:6)
  2 adder skeletons
  A worm (D:2)
  A dart slug (D:1)
  26 orcs
  5 bats
  3 endoplasms
  3 giant cockroaches
  8 goblins
  8 hobgoblins
  2 jackals (D:5)
  16 kobolds
  5 quokkas
  6 ball pythons
  2 frilled lizards
  3 rats
167 creatures vanquished.

Vanquished Creatures (others)
  12 foxfires (D:6)
12 creatures vanquished.

Grand Total: 179 creatures vanquished

Notes
Turn   | Place    | Note
-------+----------+-------------------------------------------
     0 | D:1      | pmoppi the Ogre Cinder Acolyte began the quest for the Orb.
     0 | D:1      | Reached XP level 1. HP: 24/24 MP: 2/2
    98 | D:1      | Reached XP level 2. HP: 12/32 MP: 2/4
  1494 | D:2      | Reached XP level 3. HP: 30/40 MP: 5/5
  1683 | D:2      | Learned a level 2 spell: Scorch
  1764 | D:2      | Noticed Natasha
  1768 | D:2      | Killed Natasha
  1769 | D:2      | Reached XP level 4. HP: 49/49 MP: 2/7
  1930 | D:2      | Noticed Terence
  1935 | D:2      | Noticed Natasha
  2283 | D:2      | Killed Terence
  2503 | D:2      | Killed Natasha
  2504 | D:2      | Reached skill level 5 in Fighting
  2504 | D:2      | Reached XP level 5. HP: 57/57 MP: 3/9
  2587 | D:2      | Noticed Natasha
  2598 | D:1      | Killed Natasha
  2783 | D:3      | Noticed a centaur
  2790 | D:3      | Killed a centaur
  2791 | D:3      | Reached XP level 6. HP: 41/67 MP: 1/10
  3280 | D:3      | Found a shadowy altar of Dithmenos.
  3395 | D:3      | Found a blossoming altar of Fedhas.
  3399 | D:3      | Reached skill level 5 in Axes
  3729 | D:3      | Reached skill level 6 in Fighting
  3979 | D:3      | Reached skill level 11 in Fighting
  3979 | D:3      | Reached skill level 5 in Armour
  3979 | D:3      | Reached XP level 7. HP: 88/88 MP: 11/11
  4566 | D:4      | Found an ancient bone altar of Kikubaaqudgha.
  4906 | D:5      | Entered Level 5 of the Dungeon
  5237 | D:4      | Reached XP level 8. HP: 91/97 MP: 5/12
  5502 | D:5      | Found a white marble altar of Elyvilon.
  6735 | D:5      | Found a shadowy altar of Dithmenos.
  6829 | D:5      | Found a shimmering altar of Xom.
  7158 | D:6      | Found a runed translucent door.
  7219 | D:6      | Identified a scroll of acquirement
  7219 | D:6      | Acquired a manual of Evocations
  7305 | D:6      | Found a staircase to the Ecumenical Temple.
  7327 | D:6      | Noticed a kobold demonologist
  7416 | D:6      | Found a transporter.
  7421 | D:6      | Noticed a kobold demonologist
  7467 | D:6      | Found a transporter.
  7967 | D:6      | Reached skill level 1 in Evocations
  7967 | D:6      | Reached XP level 9. HP: 77/105 MP: 3/13
  8166 | D:6      | Got the Reference Book on Summoning
  8249 | D:6      | Noticed gorlok231's ghost (amateur GnIE)
  8304 | Temple   | Entered the Ecumenical Temple
  9003 | D:6      | Reached skill level 10 in Axes
 10167 | D:7      | Noticed a red ugly thing
 10197 | D:7      | Found a sparkling altar of Nemelex Xobeh.
 11256 | D:7      | Noticed a komodo dragon
 11260 | D:7      | Noticed a hornet
 12096 | D:7      | Killed a komodo dragon
 12097 | D:7      | Reached skill level 12 in Fighting
 12268 | D:7      | Learned a level 7 spell: Haunt
 12268 | D:7      | Reached skill level 5 in Spellcasting
 12268 | D:7      | Reached skill level 5 in Necromancy
 12268 | D:7      | Reached XP level 10. HP: 115/115 MP: 13/18
 12279 | D:7      | Learned a level 5 spell: Agony
 12376 | D:7      | HP: 3/172 [troll (6)]
 12378 | D:7      | Reached XP level 11. HP: 3/123 MP: 10/19
 13592 | D:9      | Learned a level 5 spell: Excruciating Wounds
 14242 | D:9      | HP: 9/186 [killer bee (5)]
 14243 | D:9      | HP: 2/186 [killer bee (3)]
 14243 | D:9      | Slain by a killer bee

Illustrated notes

Levels and vault maps discovered:
D:1:      erik_arrival_cave_to_civilisation [erik_arrival_cave_to_temple],
          layout_basic, glass_columns_a, grunt_decor_arrowhead
D:2:      layout_rooms, uniq_natasha, uniq_terence
D:3:      layout_loops_ring, fedhas_altar_1,
          nicolae_dithmenos_through_a_glass_darkly, grunt_ministairs_13
D:4:      layout_basic, kiku_gazebo_pond_becter
D:5:      layout_basic, lemuel_doored_altar, xom_butterflies,
          minmay_ruined_shrine
D:6:      gammafunk_wand_slinger, layout_loops_ring, minmay_temple_entry_grid,
          ebering_ghost_reflecting_pool, water_boxes_lemuel
D:7:      minmay_slanted_spiral_squares, layout_basic,
          mainiacjoe_overflow_alcove_4, moated_statue
D:8:      layout_basic, chequers_mini_garden, grunt_decor_one_mirror
D:9:      layout_basic, hellmonk_guarded_unrand_gong
Temple:   regret_index_temple_generic_petals

Skill      XL: |  1  2  3  4  5  6  7  8  9 10 11 |
---------------+----------------------------------+-----
Fire Magic     | 3 |  3.0
Spellcasting   | 2 3 5 |  5.6
Axes           | 4 9 10 11 | 11.0
Fighting       | 5 11 12 | 12.3
Armour         | 5 |  5.9
Evocations     | 1 3 4 |  4.3
Summonings     | 3 |  3.7
Necromancy     | 5 |  5.4

Action                   |  1- 3 |  4- 6 |  7- 9 | 10-12 || total
-------------------------+-------+-------+-------+-------++-------
Melee: Hand axe          |    72 |    34 |    97 |     1 ||   204
       War axe           |       |       |       |    34 ||    34
 Cast: Scorch            |     4 |    45 |   183 |    24 ||   256
       Agony             |       |       |       |     4 ||     4
       Excruciating Woun |       |       |       |     4 ||     4
Invok: Foxfire Swarm     |       |       |     1 |       ||     1
       Sea of Fire       |       |       |     1 |       ||     1
       Rising Flame      |       |       |     1 |       ||     1
  Use: Scroll            |       |     8 |    12 |     1 ||    21
       Potion            |       |     1 |     1 |     2 ||     4
Armor: Robe              |    33 |    21 |    29 |    12 ||    95
       Skin              |       |       |       |     2 ||     2
Dodge: Dodged            |    28 |    43 |    80 |    35 ||   186
       Repelled          |       |       |     3 |       ||     3

Table legend: (Time is in decaauts)
 A = Elapsed time spent in this place.
 B = Non-inter-level travel time spent in this place.
 C = Inter-level travel time spent in this place.
 D = Time resting spent in this place.
 E = Time spent auto-exploring this place.
 F = Levels seen in this place.
 G = Mean time per level.
                   A        B        C        D        E       F      G
               +--------+--------+--------+--------+--------+-----+--------+
         Total |  14283 |  13682 |    601 |   5102 |   7061 |  10 | 1428.3 |
       Dungeon |  13672 |  13071 |    601 |   4496 |   7061 |   9 | 1519.1 |
        Temple |    611 |    611 |      0 |    606 |      0 |   1 |  611.0 |
               +--------+--------+--------+--------+--------+-----+--------+

Top non-repeatable levels by time:
     D:7: 2970 daAuts
     D:6: 2043 daAuts
     D:5: 1798 daAuts
     D:1: 1679 daAuts
     D:4: 1401 daAuts
     D:3: 1261 daAuts
     D:2: 1185 daAuts
     D:8: 919 daAuts
  Temple: 611 daAuts
     D:9: 413 daAuts
